 Dungeon Crawl Stone Soup version 0.19.1 (webtiles) character file.

3745 CanadianGator the Slicer (level 10, 0/56 HPs)
             Began as a Kobold Berserker on Jan 10, 2017.
             Was an Elder of Trog.
             Killed from afar by an electric eel (14 damage)
             ... with a bolt of electricity
             ... on level 7 of the Dungeon.
             The game lasted 00:19:53 (7334 turns).

CanadianGator the Slicer (Kobold Berserker)         Turns: 7334, Time: 00:19:54

Health: 0/56       AC:  5    Str: 19    XL:     10   Next: 37%
Magic:  10/10      EV: 23    Int:  8    God:    Trog [****..]
Gold:   244        SH:  0    Dex: 18    Spells: 0 memorised, 9 levels left

rFire  . . .     SeeInvis .     k - +2 short sword (protect)
rCold  . . .     Gourm    .     y - +1 leather armour {rN+}
rNeg   + . .     Faith    .     (shield restricted)
rPois  .         Spirit   .     x - +0 helmet
rElec  .         Reflect  .     (no cloak)
rCorr  .         Harm     .     (no gloves)
MR     .....                    (no boots)
Stlth  ++........               C - amulet of magic regeneration
                                F - +4 ring of strength
                                f - +1 ring of evasion

@: about to teleport
A: carnivore 3
a: Berserk, Trog's Hand, Brothers in Arms, Burn Spellbooks, Renounce Religion


You were on level 7 of the Dungeon.
You worshipped Trog.
Trog was greatly pleased with you.
You were hungry.

You visited 1 branch of the dungeon, and saw 7 of its levels.
You also visited: Ossuary.

You collected 244 gold pieces.

Inventory:

Hand Weapons
 g - a +0 dagger
 k - a +2 short sword of protection (weapon)
Armour
 e - a +1 hat
 i - the +4 chain mail "Cuakhlusa" {rElec rN+ Str-4}
   (You found it on level 4 of the Dungeon)

   It affects your strength (-4).
   It insulates you from electricity.
   It protects you from negative energy.
 x - a +0 helmet (worn)
 y - a +1 leather armour of positive energy (worn)
Jewellery
 f - a +1 ring of evasion (left hand)
 w - an uncursed ring of flight
 C - an amulet of magic regeneration (around neck)
 F - a +4 ring of strength (right hand)
Wands
 n - a wand of disintegration (15/24)
 u - a wand of flame (31/48)
 D - a wand of confusion (21/48)
Scrolls
 h - 2 scrolls of teleportation
 s - a scroll of holy word {unknown}
 t - 2 scrolls of fear
 z - a scroll of magic mapping
 B - a scroll of fog {unknown}
 E - a scroll of blinking {unknown}
 G - a scroll of identify
Potions
 b - a potion of magic
 d - 2 potions of curing
 j - 4 potions of brilliance
 l - 3 potions of haste
 m - 3 potions of lignification
 o - 2 potions of degeneration
 p - a potion of ambrosia {unknown}
 q - a potion of heal wounds
 r - a potion of agility
 v - 3 potions of flight
Comestibles
 a - a beef jerky
 c - a meat ration
 A - 3 royal jellies


   Skills:
 - Level 3.2 Fighting
 * Level 11.0 Short Blades
 + Level 5.0 Armour
 * Level 9.5 Dodging
 * Level 9.7 Stealth


You had 9 spell levels left.
You didn't know any spells.

Dungeon Overview and Level Annotations

Branches:
Dungeon (7/15)             Temple (0/1) D:7

Altars:
Ashenzari
Cheibriados
Dithmenos
Makhleb
Qazlal
Ru


Innate Abilities, Weirdness & Mutations

You are small and have problems with some larger weapons.
You are carnivorous and can eat meat at any time.


Message History

The bolt of electricity hits you!
* * * LOW HITPOINT WARNING * * *
The electric eel shoots out a bolt of lightning at you!
The bolt of electricity hits you!
* * * LOW HITPOINT WARNING * * *
The bolt of electricity misses you.
The electric eel shoots out a bolt of lightning at you!
The bolt of electricity misses you.
You feel much better.
The electric eel shoots out a bolt of lightning at you!
The bolt of electricity hits you!
The electric eel shoots out a bolt of lightning at you!
The bolt of electricity hits you!
* * * LOW HITPOINT WARNING * * *
Unknown command.
As you read the scroll of teleportation, it crumbles to dust.
You feel strangely unstable.
The electric eel shoots out a bolt of lightning at you!
The bolt of electricity hits you!
You die...

# #...(....#.....
#.##.###..#†..# ..
####?#.. #...#)..#...
#......###.#.#.#..... #.
#.....#....##... #
#.##.#####.....#...
#.##.#.....####5###.####
#.......≈≈.≈≈##........
...#...@≈≈≈≈≈≈...>......
# #.≈;≈≈≈≈≈≈≈;≈........
#...≈≈≈≈≈≈..≈≈≈≈≈.......
#...≈≈≈#≈([♣≈#≈≈;......
..##≈≈≈≈≈≈.%≈≈≈≈≈≈.....
.# ≈≈≈;#≈≈[≈≈≈≈≈≈#≈...>
≈#≈≈≈≈a...≈≈≈≈≈≈≈.###
..#≈z≈ ≈.l.≈≈≈≈≈≈..#
z≈≈≈z≈#


You could see a worker ant (wandering), 3 electric eels, a wight (wandering) and
a leopard gecko (wandering).

Vanquished Creatures
  The ghost of Kave the Ruffian, a novice TrTm (D:6)
  Pikel (D:4)
  The ghost of CanadianGator the Cutter, a novice KoBe of Trog (D:5)
  Grinder (D:5)
  Eustachio (D:4)
  A hungry ghost (D:7)
  Edmund (D:4)
  4 slaves (D:4)
  4 ice beasts
  2 black bears
  An ogre (D:4)
  The ghost of AlphabetPasta the Magician, an amateur HEEE (D:3)
  Blork the orc (D:5)
  3 bullfrogs (D:6)
  2 scorpions (D:5)
  An electric eel (D:7)
  A crimson imp (D:7)
  A quasit (D:7)
  A bullfrog zombie (D:5)
  A jelly (D:5)
  An orc priest (D:4)
  3 hounds
  2 orc wizards (D:5)
  3 worker ants
  3 big kobold zombies (Ossuary)
  A hound zombie (Ossuary)
  4 mummies (Ossuary)
  A worker ant zombie (D:6)
  4 gnolls (D:5)
  9 adders
  An adder zombie (D:5)
  3 worms
  5 dart slugs
  4 leopard geckos
  21 orcs
  8 bats
  5 giant cockroaches
  3 gnoll zombies (Ossuary)
  11 goblins
  3 hobgoblins
  5 jackals
  8 kobolds
  2 quokkas
  2 ball pythons
  3 frilled lizards
  A goblin zombie (Ossuary)
  3 kobold zombies (Ossuary)
  An orc zombie (Ossuary)
  5 rats
155 creatures vanquished.

Notes
Turn   | Place    | Note
-------+----------+-------------------------------------------
     0 | D:1      | CanadianGator the Kobold Berserker began the quest for the Orb.
     0 | D:1      | Reached XP level 1. HP: 14/14 MP: 1/1
   238 | D:1      | Reached XP level 2. HP: 19/19 MP: 2/2
   757 | D:1      | Reached XP level 3. HP: 23/23 MP: 3/3
   885 | D:2      | Found a burning altar of Makhleb.
   905 | D:2      | Reached ** piety under Trog
  1084 | D:2      | Reached XP level 4. HP: 27/28 MP: 4/4
  1088 | D:2      | Reached skill level 5 in Short Blades
  1656 | D:3      | Noticed Grinder
  1657 | D:3      | Paralysed by Grinder for 6 turns
  1667 | D:3      | Reached XP level 5. HP: 13/32 MP: 5/5
  1966 | D:3      | Found a shattered altar of Ashenzari.
  2258 | D:3      | Noticed AlphabetPasta's ghost (amateur HEEE)
  2275 | D:3      | Killed AlphabetPasta's ghost
  2275 | D:3      | Reached skill level 6 in Short Blades
  2275 | D:3      | Reached XP level 6. HP: 37/37 MP: 6/6
  2664 | D:4      | Noticed Eustachio
  2697 | D:4      | Killed Eustachio
  2697 | D:4      | Reached skill level 5 in Dodging
  2968 | D:4      | Noticed a slave
  2968 | D:4      | Noticed a slave
  2969 | D:4      | Noticed Pikel
  2969 | D:4      | Noticed a slave
  2972 | D:4      | Noticed a slave
  2977 | D:4      | Killed a slave
  2986 | D:4      | Killed a slave
  2988 | D:4      | Killed a slave
  2996 | D:4      | Killed Pikel
  2996 | D:4      | Reached skill level 7 in Short Blades
  2996 | D:4      | Reached XP level 7. HP: 41/41 MP: 7/7
  2996 | D:4      | Reached XP level 8. HP: 46/46 MP: 8/8
  3180 | D:4      | Got a smelly chain mail
  3247 | D:4      | Noticed Edmund
  3260 | D:4      | Killed Edmund
  3260 | D:4      | Reached skill level 8 in Short Blades
  3364 | D:4      | Reached *** piety under Trog
  3440 | D:4      | Reached skill level 5 in Stealth
  3732 | D:4      | Found a sacrificial altar of Ru.
  3883 | D:5      | Entered Level 5 of the Dungeon
  3890 | D:5      | Found a sand-covered staircase.
  3902 | Ossuary  | Entered an ossuary
  4418 | D:5      | Killed Grinder
  4418 | D:5      | Reached skill level 9 in Short Blades
  4418 | D:5      | Reached XP level 9. HP: 51/51 MP: 9/9
  4654 | D:5      | Found a snail-covered altar of Cheibriados.
  4799 | D:5      | Noticed CanadianGator's ghost (novice KoBe)
  4811 | D:5      | Noticed Blork the orc
  4861 | D:5      | Killed CanadianGator's ghost
  4989 | D:5      | Killed Blork the orc
  4995 | D:5      | Reached **** piety under Trog
  5620 | D:5      | Reached skill level 10 in Short Blades
  6201 | D:6      | Noticed Kave's ghost (novice TrTm)
  6229 | D:6      | Killed Kave's ghost
  6229 | D:6      | Reached XP level 10. HP: 45/56 MP: 10/10
  6485 | D:6      | Identified the +4 chain mail "Cuakhlusa" {rElec rN+ Str-4} (You found it on level 4 of the Dungeon)
  6791 | D:6      | Found a shadowy altar of Dithmenos.
  7167 | D:7      | Found a stormy altar of Qazlal.
  7186 | D:7      | Reached skill level 5 in Armour
  7206 | D:7      | Noticed a cyclops
  7238 | D:7      | Found a staircase to the Ecumenical Temple.
  7272 | D:7      | Reached skill level 11 in Short Blades
  7334 | D:7      | Killed from afar by an electric eel

Skill      XL: |  1  2  3  4  5  6  7  8  9 10 |
---------------+-------------------------------+-----
Dodging        | 3 4 6 7 9 |  9.5
Armour         | 2 3 4 5 |  5.0
Short Blades   | 5 6 7 9 10 11 | 11.0
Stealth        | 4 6 9 |  9.7
Fighting       | |  3.2

Action                   |  1- 3 |  4- 6 |  7- 9 | 10-12 || total
-------------------------+-------+-------+-------+-------++-------
Melee: Dagger            |   109 |       |       |       ||   109
       Short sword       |    52 |   144 |   374 |    71 ||   641
Invok: Berserk           |     1 |     4 |     9 |     3 ||    17
       Burn Spellbooks   |       |       |     1 |       ||     1
  Use: Scroll            |       |    12 |     4 |     5 ||    21
       Potion            |       |       |       |     1 ||     1
 Stab: Sleeping          |     1 |       |     9 |     3 ||    13
       Distracted        |       |       |     3 |       ||     3
  Eat: Chunk             |     5 |     7 |    22 |     3 ||    37
Armor: Animal skin       |     5 |       |       |       ||     5
       Scale mail        |    53 |    38 |       |       ||    91
       Leather armour    |       |     4 |    40 |    17 ||    61
Dodge: Dodged            |   104 |    84 |   238 |    76 ||   502
